 Dungeon Crawl Stone Soup version 0.31-a0-1161-g593ecc88b7 (webtiles) character file.

Game seed: 12895216996246541568

8 Maratek the Trooper (level 2, 27/27 HPs)
             Began as a Minotaur Fighter on Dec 8, 2023.
             Was a Plaything of Xom.
             Quit the game on level 1 of the Dungeon.
             The game lasted 00:00:49 (122 turns).

Maratek the Trooper (Minotaur Fighter)               Turns: 122, Time: 00:00:49

Health: 27/27      AC:  7    Str: 20    XL:     2   Next: 0%
Magic:  1/1        EV:  9    Int:  5    God:    Xom [..*...]
Gold:   20         SH:  4    Dex:  9    Spells: 1/1 levels left

rFire   . . .        a - +0 war axe
rCold   . . .        c - +0 buckler
rNeg    . . .        b - +0 scale mail
rPois   .            (helmet restricted)
rElec   .            (no cloak)
rCorr   .            (no gloves)
SInv    .            (no boots)
Will    .....        (no amulet) Stlth
                     (no ring)
HPRegen 0.24/turn    (no ring)
MPRegen 0.07/turn

%: no passive effects
@: no status effects
A: horns 2, retaliatory headbutt
a: Renounce Religion


You were on level 1 of the Dungeon.
You worshipped Xom.
You were a toy of Xom.
You visited 1 branch of the dungeon, and saw 1 of its levels.

You collected 20 gold pieces.

Inventory:

Hand Weapons
 a - a +0 war axe (weapon)
Armour
 b - a +0 scale mail (worn)
 c - a +0 buckler (worn)
Potions
 d - a potion of might


   Skills:
 + Level 3.8 Fighting
 + Level 2.7 Axes
 + Level 3.8 Armour
 + Level 3.8 Shields


You had one spell level left.
You didn't know any spells.
Your spell library was empty.

Dungeon Overview and Level Annotations

Branches:
Dungeon (1/15)

Altars:
Xom


Innate Abilities, Weirdness & Mutations

You have a pair of horns on your head.
You reflexively headbutt those who attack you in melee.


Message History

Things that are here:
a +0 club; a +0 dagger; a goblin corpse
Found a faded altar of an unknown god.
The eye of devastation turns its gaze towards you.
You now have 8 gold pieces.
The shining eye turns its gaze towards you.
Found 5 poisoned darts.
The glass eye turns its gaze towards you.
You now have 12 gold pieces (gained 4).
An endoplasm comes into view.
The endoplasm quivers.
You hit the endoplasm.
You kill the endoplasm!
No reachable target in view!
No reachable target in view!
No reachable target in view!
No reachable target in view!
No reachable target in view!
No reachable target in view!
No reachable target in view!
No reachable target in view!
No reachable target in view!
You now have 20 gold pieces (gained 8).
A kobold and a giant cockroach come into view.
There are monsters nearby!
You block the kobold's attack.
You closely miss the kobold. The kobold barely misses you.
The kobold hits you but does no damage.
You hit the kobold.
You kill the kobold!
The giant cockroach bites you but does no damage.
You hit the giant cockroach. You headbutt the giant cockroach.
You kill the giant cockroach!
You have reached level 2!
There is a faded altar of an unknown god here.
This altar belongs to (a) Wu Jian, (b) Xom or (c) Sif Muna, but you can't tell which.
Press the corresponding letter to learn more about a god, or press enter to convert or escape to cancel.
Xom accepts your prayer! Xom welcomes you!
Xom is interested.
Are you sure you want to abandon this character and quit the game? (Confirm with "yes".)

.# #.....#)#..######
.#####.....#.#..#....#
.#....)†...#.#.......#.#
.#.###.................#
.#.###......###...###..#
.#..........#G#...#G#..#
.#..##......###...###..#
.#. #..................#
.# #...........@......#
.# #.##.##...........(#
#.......###...###..#
####.#..#G#...#G#..#
#.##.###...###..#
#...............#
########...###### ###..#
##....


You could see a great orb of eyes, a shining eye, an eye of devastation and a
glass eye.

Vanquished Creatures
  An endoplasm (D:1)
  A giant cockroach (D:1)
  2 goblins (D:1)
  A ball python (D:1)
  A bat (D:1)
  2 frilled lizards (D:1)
  A kobold (D:1)
9 creatures vanquished.

Notes
Turn   | Place    | Note
-------+----------+-------------------------------------------
     0 | D:1      | Maratek the Minotaur Fighter began the quest for the Orb.
     0 | D:1      | Reached XP level 1. HP: 19/19 MP: 0/0
    80 | D:1      | Found a faded altar of an unknown god.
    81 | D:1      | Noticed an eye of devastation
    86 | D:1      | Noticed a shining eye
    90 | D:1      | Noticed a glass eye
    90 | D:1      | Noticed a great orb of eyes
   113 | D:1      | Reached XP level 2. HP: 27/27 MP: 1/1
   121 | D:1      | Prayed at the altar of an unknown god.
   121 | D:1      | Became a worshipper of Xom of Chaos
   122 | D:1      | Quit the game

Illustrated notes

Levels and vault maps discovered:
D:1:      evilmike_arrival_fibonacci_small, layout_basic,
          hellmonk_ecumenical_altar_watching_god

Action                     || total
---------------------------++-------
  Melee: War axe           ||    15
         Headbutt          ||     1
 Armour: Scale mail        ||    11
  Dodge: Dodged            ||     8
  Block: Buckler           ||     4

Table legend: (Time is in decaauts)
 A = Elapsed time spent in this place.
 B = Non-inter-level travel time spent in this place.
 C = Inter-level travel time spent in this place.
 D = Time resting spent in this place.
 E = Time spent auto-exploring this place.
 F = Levels seen in this place.
 G = Mean time per level.
                   A        B        C        D        E       F      G
               +--------+--------+--------+--------+--------+-----+--------+
         Total |    127 |    119 |      8 |      0 |     84 |   1 |  127.0 |
       Dungeon |    127 |    119 |      8 |      0 |     84 |   1 |  127.0 |
               +--------+--------+--------+--------+--------+-----+--------+

Top non-repeatable levels by time:
     D:1: 127 daAuts
